[Event "Manhem Chess Week-Elo 2019"]
[Site "Moelnlycke"]
[Date "2019.08.10"]
[Round "1.1"]
[White "Fransson, Lennart"]
[Black "Bengtsson, Jonas"]
[Result "0-1"]
[ECO "A34"]
[WhiteElo "2014"]
[BlackElo "2145"]
[Annotator "NA"]
[PlyCount "80"]
[EventDate "2019.08.10"]
[EventType "tourn"]
[EventCountry "SWE"]
[SourceTitle "playchess.com"]
[Source "ChessBase"]
[SourceQuality "1"]
[TimeControl "40/5400+30:1800+30"]

1. c4 Nf6 2. g3 c5 3. Bg2 d5 4. cxd5 Nxd5 5. Nc3 Nc7 6. Nf3 Nc6 7. O-O e5 8. d3 Be7 9. Be3 Bd7 10. Rc1 O-O 11. Nd2 Rc8 12. Nc4 f6 13. Qb3 Kh8 14. Qxb7 Rb8 15. Bxc6 Rxb7 16. Bxb7 Bh3 17. Rfe1 Ne6 18. Rcd1 Nd4 19. Rc1 h5 20. Bxd4 cxd4 21. Nb1 h4 22. Nbd2 Qd7 23. Bh1 Qe6 24. Nf3 g5 25. e3 hxg3 26. hxg3 Bb4 27. Re2 dxe3 28. Rxe3 Rc8 29. a3 Bc5 30. Ree1 Qd7 31. Rcd1 a6 32. b3 Kg7 33. Rd2 Ba7 34. d4 exd4 35. Nxd4 Bxd4 36. Re4 Bxf2+ 37. Rxf2 Qd1+ 38. Kh2 Rh8 39. Re7+ Kf8 40. g4 Bg2+ 0-1

[Event "Manhem Chess Week-Elo 2019"]
[Site "Moelnlycke"]
[Date "2019.08.10"]
[Round "1.3"]
[White "Bergenwall, Henric"]
[Black "Moller, Mikael"]
[Result "1-0"]
[ECO "B21"]
[WhiteElo "1933"]
[BlackElo "1957"]
[Annotator "NA"]
[PlyCount "57"]
[EventDate "2019.08.10"]
[EventType "tourn"]
[EventCountry "SWE"]
[SourceTitle "playchess.com"]
[Source "ChessBase"]
[SourceQuality "1"]
[TimeControl "40/5400+30:1800+30"]

1. e4 c5 2. d4 cxd4 3. c3 dxc3 4. Nxc3 g6 5. Nf3 Bg7 6. Bc4 Qc7 7. Qb3 e6 8. Nb5 Qc6 9. O-O a6 10. Nbd4 Qxe4 11. Re1 Qg4 12. h3 Qh5 13. Bf4 Nc6 14. Nxc6 bxc6 15. Bd6 Ne7 16. Rad1 Bf6 17. Qa3 Rg8 18. Ne5 Qh4 19. Ng4 Nd5 20. Bxd5 cxd5 21. g3 Qg5 22. f4 Qf5 23. Nh6 Qxh3 24. Nxg8 Bg7 25. Bf8 Bxf8 26. Nf6+ Kd8 27. Qxf8+ Kc7 28. Rc1+ Kb7 29. Qb4+ 1-0

[Event "Manhem Chess Week-Elo 2019"]
[Site "Moelnlycke"]
[Date "2019.08.10"]
[Round "1.4"]
[White "Rasti, Arvin"]
[Black "Bergre, Joachim"]
[Result "1-0"]
[ECO "A57"]
[WhiteElo "2220"]
[BlackElo "1928"]
[Annotator "NA"]
[PlyCount "59"]
[EventDate "2019.08.10"]
[EventType "tourn"]
[EventCountry "SWE"]
[SourceTitle "playchess.com"]
[Source "ChessBase"]
[SourceQuality "1"]
[TimeControl "40/5400+30:1800+30"]

1. d4 Nf6 2. c4 c5 3. d5 b5 4. cxb5 a6 5. f3 e6 6. e4 axb5 7. Bxb5 Qa5+ 8. Nc3 Ba6 9. Qe2 Bxb5 10. Qxb5 exd5 11. Qxa5 Rxa5 12. exd5 Na6 13. Bg5 Be7 14. O-O-O O-O 15. d6 Bd8 16. Nh3 h6 17. Bh4 Nb4 18. Kb1 Nh7 19. Be7 Re8 20. Rhe1 Nf8 21. a3 Nc6 22. Nd5 Ne6 23. Bxd8 Rxd8 24. f4 Ned4 25. Ne7+ Kh7 26. Rd3 Rda8 27. Ng5+ Kh8 28. Nxf7+ Kh7 29. Nxc6 Nxc6 30. Ne5 1-0

[Event "Manhem Chess Week-Elo 2019"]
[Site "Moelnlycke"]
[Date "2019.08.10"]
[Round "1.5"]
[White "Degerfeldt, Sven"]
[Black "Peterson, Rolf"]
[Result "1-0"]
[ECO "B07"]
[WhiteElo "1918"]
[BlackElo "1580"]
[Annotator "NA"]
[PlyCount "43"]
[EventDate "2019.08.10"]
[EventType "tourn"]
[EventCountry "SWE"]
[SourceTitle "playchess.com"]
[Source "ChessBase"]
[SourceQuality "1"]
[TimeControl "40/5400+30:1800+30"]

1. d4 d6 2. e4 Nf6 3. Nc3 c6 4. f4 Qa5 5. Bd2 Bg4 6. Be2 Bxe2 7. Ngxe2 Qc7 8. e5 dxe5 9. fxe5 Nd5 10. Ne4 e6 11. O-O Be7 12. c4 Nb6 13. b3 c5 14. Bf4 cxd4 15. Nxd4 Nc6 16. Nb5 Qd8 17. Nbd6+ Kf8 18. Bg3 f5 19. exf6 gxf6 20. Qh5 Bxd6 21. Bxd6+ Kg7 22. Rxf6 1-0

[Event "Manhem Chess Week-Elo 2019"]
[Site "Moelnlycke"]
[Date "2019.08.10"]
[Round "1.6"]
[White "Berg, Roy"]
[Black "Johansson, Eva"]
[Result "1/2-1/2"]
[ECO "E11"]
[WhiteElo "1913"]
[BlackElo "1869"]
[Annotator "NA"]
[PlyCount "74"]
[EventDate "2019.08.10"]
[EventType "tourn"]
[EventCountry "SWE"]
[SourceTitle "playchess.com"]
[Source "ChessBase"]
[SourceQuality "1"]
[TimeControl "40/5400+30:1800+30"]

1. d4 d5 2. c4 e6 3. Nf3 Nf6 4. g3 Bb4+ 5. Bd2 Be7 6. Bg2 O-O 7. O-O c6 8. Qc2 Nbd7 9. b3 b6 10. Rd1 Bb7 11. Nc3 Rc8 12. e4 dxe4 13. Ng5 Re8 14. Ngxe4 Nxe4 15. Nxe4 Nf6 16. Bf4 Nxe4 17. Bxe4 g6 18. h4 Bf6 19. Be5 Qe7 20. Rac1 Bxe5 21. dxe5 c5 22. Rd6 Bxe4 23. Qxe4 Rc7 24. Rcd1 Kg7 25. Qd3 h6 26. Kg2 Rb7 27. Rd7 Rxd7 28. Qxd7 Kf8 29. Qc6 Rd8 30. Rd6 g5 31. h5 Kg7 32. a4 g4 33. a5 bxa5 34. Qxc5 Rb8 35. Qc6 Qg5 36. Qe4 Rxb3 37. Qf4 Rc3 1/2-1/2

[Event "Manhem Chess Week-Elo 2019"]
[Site "Moelnlycke"]
[Date "2019.08.10"]
[Round "1.7"]
[White "Bohlin, Jan"]
[Black "Jacobsson, Lennart"]
[Result "1/2-1/2"]
[ECO "A22"]
[WhiteElo "1724"]
[BlackElo "1754"]
[Annotator "NA"]
[PlyCount "81"]
[EventDate "2019.08.10"]
[EventType "tourn"]
[EventCountry "SWE"]
[SourceTitle "playchess.com"]
[Source "ChessBase"]
[SourceQuality "1"]
[TimeControl "40/5400+30:1800+30"]

1. c4 e5 2. g3 Bc5 3. Nc3 Nf6 4. Bg2 O-O 5. e3 d6 6. Nge2 c6 7. O-O Be6 8. d4 Bb6 9. b3 Nbd7 10. Ba3 Bc7 11. dxe5 Nxe5 12. Nf4 Re8 13. Nxe6 Rxe6 14. Qc2 a5 15. Bb2 Qe8 16. Rad1 Re7 17. Rd2 Rd7 18. Qf5 Re7 19. Rfd1 Qd7 20. Qxd7 Rxd7 21. h3 Rad8 22. Ne4 Nxe4 23. Bxe4 Re7 24. Bg2 h6 25. c5 d5 26. e4 d4 27. Bxd4 Rde8 28. Bc3 Kf8 29. f4 Ng6 30. Rd7 Kg8 31. e5 Nf8 32. Rxe7 Rxe7 33. h4 Ne6 34. Bb2 Nxc5 35. Ba3 Bb6 36. Kf1 Rd7 37. Rxd7 Nxd7 38. Bh3 Bc5 39. Bxd7 Bxa3 40. Bc8 b6 41. Bb7 1/2-1/2

[Event "Manhem Chess Week-Elo 2019"]
[Site "Moelnlycke"]
[Date "2019.08.10"]
[Round "1.8"]
[White "Ziegler, Nathalie"]
[Black "Hattab, Hashim"]
[Result "1-0"]
[ECO "A21"]
[WhiteElo "1846"]
[BlackElo "1868"]
[Annotator "NA"]
[PlyCount "36"]
[EventDate "2019.08.10"]
[EventType "tourn"]
[EventCountry "SWE"]
[SourceTitle "playchess.com"]
[Source "ChessBase"]
[SourceQuality "1"]
[TimeControl "40/5400+30:1800+30"]

1. c4 e5 2. Nc3 g6 3. Nf3 Bg7 4. d4 exd4 5. Nxd4 Ne7 6. Bg5 a6 7. Nd5 f6 8. Nxf6+ Bxf6 9. Bxf6 O-O 10. Bg5 Qe8 11. Qd2 d5 12. e3 c5 13. Nb3 d4 14. Nxc5 Nf5 15. g4 Qc6 16. gxf5 Qxh1 17. Qxd4 Bxf5 18. Bh6 Bc8 1-0

[Event "Manhem Chess Week-Elo 2019"]
[Site "Moelnlycke"]
[Date "2019.08.11"]
[Round "2.1"]
[White "Bengtsson, Jonas"]
[Black "Bergre, Joachim"]
[Result "1-0"]
[ECO "A58"]
[WhiteElo "2145"]
[BlackElo "1928"]
[Annotator "NA"]
[PlyCount "57"]
[EventDate "2019.08.10"]
[EventType "tourn"]
[EventCountry "SWE"]
[SourceTitle "playchess.com"]
[Source "ChessBase"]
[SourceQuality "1"]
[TimeControl "40/5400+30:1800+30"]

1. d4 Nf6 2. c4 c5 3. d5 b5 4. cxb5 a6 5. bxa6 g6 6. Nc3 Bg7 7. Nf3 O-O 8. g3 d6 9. Bg2 Bf5 10. Nh4 Bd7 11. O-O Nxa6 12. Bd2 Qb6 13. Rb1 Rfb8 14. Re1 Ng4 15. Nf3 c4 16. Rf1 Nc5 17. h3 Ne5 18. Nh4 Ba4 19. Qc1 Qa7 20. Be3 Qa5 21. Qd2 Na6 22. Bd4 Nb4 23. f4 Nd7 24. Bxg7 Kxg7 25. Qd4+ Nf6 26. Kh2 Qb6 27. Qd2 Ra7 28. a3 Na6 29. Nxa4 1-0

[Event "Manhem Chess Week-Elo 2019"]
[Site "Moelnlycke"]
[Date "2019.08.11"]
[Round "2.2"]
[White "Moller, Mikael"]
[Black "Rasti, Arvin"]
[Result "1-0"]
[ECO "B12"]
[WhiteElo "1957"]
[BlackElo "2220"]
[Annotator "NA"]
[PlyCount "75"]
[EventDate "2019.08.10"]
[EventType "tourn"]
[EventCountry "SWE"]
[SourceTitle "playchess.com"]
[Source "ChessBase"]
[SourceQuality "1"]
[TimeControl "40/5400+30:1800+30"]

1. e4 c6 2. d4 d5 3. f3 dxe4 4. fxe4 e5 5. Nf3 exd4 6. Qxd4 Qxd4 7. Nxd4 Bc5 8. Nb3 Bb6 9. Nc3 Be6 10. Na4 Nd7 11. Nxb6 axb6 12. Nd4 Ngf6 13. Nxe6 fxe6 14. Bd3 Nc5 15. Be3 O-O 16. a3 e5 17. O-O Rad8 18. Rad1 Kh8 19. Bg5 Ne6 20. Be3 b5 21. Rf5 Nd7 22. Be2 Rf6 23. Bg4 g6 24. Rf2 Rxf2 25. Bxe6 Rxc2 26. Bg5 Re8 27. Bxd7 Rf8 28. Bh6 Rd8 29. Rf1 Rxb2 30. Rf7 Rb1+ 31. Kf2 Rd1 32. Be6 R1d6 33. Re7 Rxe6 34. Rxe6 Ra8 35. Rxe5 Kg8 36. Re7 Rxa3 37. Rg7+ Kh8 38. Rxb7 1-0

[Event "Manhem Chess Week-Elo 2019"]
[Site "Moelnlycke"]
[Date "2019.08.11"]
[Round "2.3"]
[White "Berggren Torell, Harald"]
[Black "Bergenwall, Henric"]
[Result "1/2-1/2"]
[ECO "C41"]
[WhiteElo "2137"]
[BlackElo "1933"]
[Annotator "NA"]
[PlyCount "21"]
[EventDate "2019.08.10"]
[EventType "tourn"]
[EventCountry "SWE"]
[SourceTitle "playchess.com"]
[Source "ChessBase"]
[SourceQuality "1"]
[TimeControl "40/5400+30:1800+30"]

1. e4 d6 2. d4 Nf6 3. Nc3 e5 4. Nf3 exd4 5. Nxd4 Be7 6. Be2 O-O 7. Bf4 c6 8. Qd2 d5 9. exd5 Nxd5 10. Nxd5 Qxd5 11. O-O 1/2-1/2

[Event "Manhem Chess Week-Elo 2019"]
[Site "Moelnlycke"]
[Date "2019.08.11"]
[Round "2.4"]
[White "Fransson, Lennart"]
[Black "Olsson, William"]
[Result "0-1"]
[ECO "A13"]
[WhiteElo "2014"]
[BlackElo "2113"]
[Annotator "NA"]
[PlyCount "78"]
[EventDate "2019.08.10"]
[EventType "tourn"]
[EventCountry "SWE"]
[SourceTitle "playchess.com"]
[Source "ChessBase"]
[SourceQuality "1"]
[TimeControl "40/5400+30:1800+30"]

1. c4 e6 2. g3 Nf6 3. Bg2 d5 4. Nf3 c6 5. O-O Be7 6. Qc2 O-O 7. b3 b6 8. Bb2 Bb7 9. d3 c5 10. Nbd2 Nbd7 11. Rad1 Qc7 12. cxd5 exd5 13. b4 Rac8 14. Rc1 Qb8 15. bxc5 bxc5 16. Nh4 Rfe8 17. Qb1 Bd8 18. e4 Ba6 19. exd5 Re2 20. Rfd1 Nb6 21. Bf1 Re8 22. Bh3 Rc7 23. d6 Rb7 24. Nf5 Na4 25. Nb3 Rb6 26. Ba3 Bc8 27. d4 Bxf5 28. Qxf5 Rxd6 29. Nxc5 Nxc5 30. dxc5 Ra6 31. Qd3 Ra5 32. Re1 Bc7 33. Rxe8+ Qxe8 34. Qb3 Qc6 35. Rd1 h6 36. Bb4 Rb5 37. a4 Rb8 38. Bg2 Qe8 39. Re1 Qxe1+ 0-1

[Event "Manhem Chess Week-Elo 2019"]
[Site "Moelnlycke"]
[Date "2019.08.11"]
[Round "2.5"]
[White "Degerfeldt, Sven"]
[Black "Berg, Roy"]
[Result "1-0"]
[ECO "D10"]
[WhiteElo "1918"]
[BlackElo "1913"]
[Annotator "NA"]
[PlyCount "129"]
[EventDate "2019.08.10"]
[EventType "tourn"]
[EventCountry "SWE"]
[SourceTitle "playchess.com"]
[Source "ChessBase"]
[SourceQuality "1"]
[TimeControl "40/5400+30:1800+30"]

1. d4 d5 2. c4 c6 3. cxd5 cxd5 4. Nc3 Nf6 5. Bf4 Nc6 6. e3 Ne4 7. Nxe4 dxe4 8. a3 e6 9. Ne2 Bd6 10. Bxd6 Qxd6 11. Nc3 f5 12. Qh5+ g6 13. Qh6 a6 14. Rd1 Qf8 15. Qf4 Qf6 16. Be2 O-O 17. h4 e5 18. dxe5 Qxe5 19. g3 Be6 20. Rd6 Qxf4 21. gxf4 Kf7 22. h5 Ke7 23. Rd2 Rad8 24. hxg6 hxg6 25. Rxd8 Nxd8 26. f3 exf3 27. Bxf3 Kf6 28. Kf2 Rf7 29. Ne2 Nc6 30. Bxc6 bxc6 31. Rc1 Bd5 32. Nd4 a5 33. Nf3 Rb7 34. Rc2 Rh7 35. Kg3 Rb7 36. Ne5 Rc7 37. Rc5 Rb7 38. Nxc6 Be4 39. b4 axb4 40. axb4 Rd7 41. Nd4 Ra7 42. Ra5 Rxa5 43. bxa5 g5 44. fxg5+ Kxg5 45. a6 Bd5 46. a7 Kf6 47. Nb5 Ke5 48. Nc7 Bb7 49. Na6 Ba8 50. Nc5 Bc6 51. Kf2 Ba8 52. Ke2 Kd5 53. Nb3 Ke4 54. Nd2+ Ke5 55. Kd3 Kd5 56. Nc4 Bb7 57. Nb6+ Ke5 58. a8=Q Bxa8 59. Nxa8 f4 60. e4 f3 61. Nb6 f2 62. Nc4+ Kf4 63. Nd2 Ke5 64. Ke3 Kf6 65. Kf4 1-0

[Event "Manhem Chess Week-Elo 2019"]
[Site "Moelnlycke"]
[Date "2019.08.11"]
[Round "2.6"]
[White "Jacobsson, Lennart"]
[Black "Ziegler, Nathalie"]
[Result "1-0"]
[ECO "B53"]
[WhiteElo "1754"]
[BlackElo "1846"]
[Annotator "NA"]
[PlyCount "91"]
[EventDate "2019.08.10"]
[EventType "tourn"]
[EventCountry "SWE"]
[SourceTitle "playchess.com"]
[Source "ChessBase"]
[SourceQuality "1"]
[TimeControl "40/5400+30:1800+30"]

1. e4 c5 2. Nf3 d6 3. d4 cxd4 4. Qxd4 Nc6 5. Qd3 Nf6 6. c4 Bg4 7. Be2 Rc8 8. Bf4 Qb6 9. Nc3 g6 10. b3 Bg7 11. Rc1 O-O 12. O-O Qa5 13. Qd2 Rfd8 14. Rfd1 Nh5 15. Be3 f5 16. h3 Bxf3 17. Bxf3 f4 18. Nd5 Qxd2 19. Bxd2 e5 20. Bg4 Rb8 21. Bc3 Nf6 22. Be6+ Kf8 23. Nxf6 Bxf6 24. Rd3 h5 25. Kf1 g5 26. Rcd1 Ke7 27. Bf5 b5 28. cxb5 Rxb5 29. Bg6 h4 30. Bh5 Nb4 31. Bxb4 Rxb4 32. Bf3 Rb6 33. Rc1 Ra6 34. Rd2 Rd7 35. Bg4 Rd8 36. Rc7+ Kf8 37. Be2 Ra5 38. Bc4 Be7 39. a4 Rb8 40. Bb5 a6 41. Ra7 Bd8 42. b4 Raxb5 43. axb5 Rxb5 44. Rxd6 Be7 45. Rh6 Rxb4 46. Rh8+ {[%emt 0:02:55] Rb6} 1-0

[Event "Manhem Chess Week-Elo 2019"]
[Site "Moelnlycke"]
[Date "2019.08.11"]
[Round "2.7"]
[White "Johansson, Eva"]
[Black "Bohlin, Jan"]
[Result "0-1"]
[ECO "E05"]
[WhiteElo "1869"]
[BlackElo "1724"]
[Annotator "NA"]
[PlyCount "62"]
[EventDate "2019.08.10"]
[EventType "tourn"]
[EventCountry "SWE"]
[SourceTitle "playchess.com"]
[Source "ChessBase"]
[SourceQuality "1"]
[TimeControl "40/5400+30:1800+30"]

1. d4 Nf6 2. c4 e6 3. Nf3 d5 4. g3 Be7 5. Bg2 O-O 6. O-O dxc4 7. Ne5 Nc6 8. Nxc6 bxc6 9. Bxc6 Rb8 10. Bg2 Bb7 11. Nc3 Bxg2 12. Kxg2 c5 13. dxc5 Bxc5 14. Qc2 Qc8 15. h3 Rd8 16. Kh2 h6 17. Rb1 Rb7 18. e4 e5 19. Nd1 Bd4 20. Ne3 Rc7 21. Nf5 Kh7 22. Qe2 c3 23. bxc3 Rxc3 24. a3 Qc6 25. Nxd4 Rxd4 26. Qb5 Qxe4 27. Bb2 Rd5 28. Qb7 Rc2 29. Qxa7 Rdd2 30. Ba1 Qf3 31. Kg1 Qxg3+ 0-1

[Event "Manhem Chess Week-Elo 2019"]
[Site "Moelnlycke"]
[Date "2019.08.11"]
[Round "2.8"]
[White "Peterson, Rolf"]
[Black "Hattab, Hashim"]
[Result "0-1"]
[ECO "A48"]
[WhiteElo "1580"]
[BlackElo "1868"]
[Annotator "NA"]
[PlyCount "116"]
[EventDate "2019.08.10"]
[EventType "tourn"]
[EventCountry "SWE"]
[SourceTitle "playchess.com"]
[Source "ChessBase"]
[SourceQuality "1"]
[TimeControl "40/5400+30:1800+30"]

1. d4 Nf6 2. Nf3 g6 3. Bf4 Bg7 4. e3 Nh5 5. Bg3 Nxg3 6. hxg3 c5 7. c3 Qb6 8. Qb3 Qxb3 9. axb3 cxd4 10. Nxd4 a6 11. Nd2 O-O 12. Bd3 d5 13. Nb5 Nc6 14. Nc7 Rb8 15. Nxd5 Rd8 16. Be4 f5 17. Bf3 e5 18. Nb6 Be6 19. Ndc4 e4 20. Be2 h6 21. O-O Bf8 22. b4 Be7 23. Rfd1 Kg7 24. f4 g5 25. Kf2 g4 26. Rh1 Rh8 27. Rad1 h5 28. Nd7 Rbc8 29. Ndb6 Rcg8 30. Nd5 Bd8 31. Nd6 h4 32. gxh4 g3+ 33. Kg1 Bxd5 34. Nxf5+ Kf6 35. Rxd5 Ne7 36. Nxe7 Bxe7 37. h5 Rd8 38. Bc4 b5 39. Bb3 Rxd5 40. Bxd5 Rd8 41. Bb3 Rd2 42. Kf1 Rf2+ 43. Ke1 Rxg2 44. Bd1 Kg7 45. Be2 Kh6 46. Kd2 Rf2 47. Rh3 g2 48. Rg3 Bh4 49. Rg6+ Kh7 50. b3 Kh8 51. c4 bxc4 52. bxc4 Be7 53. c5 a5 54. bxa5 Bxc5 55. a6 Bb4+ 56. Kd1 Rf1+ 57. Kc2 g1=Q 58. Bxf1 Qxf1 0-1

[Event "Manhem Chess Week-Elo 2019"]
[Site "Moelnlycke"]
[Date "2019.08.12"]
[Round "3.1"]
[White "Olsson, William"]
[Black "Bengtsson, Jonas"]
[Result "0-1"]
[ECO "A47"]
[WhiteElo "2113"]
[BlackElo "2145"]
[Annotator "RC"]
[PlyCount "100"]
[EventDate "2019.08.10"]
[EventType "tourn"]
[EventCountry "SWE"]
[SourceTitle "playchess.com"]
[Source "ChessBase"]
[SourceQuality "1"]
[TimeControl "40/5400+30:1800+30"]

1. d4 Nf6 2. Nf3 e6 3. Bf4 c5 4. e3 b6 5. c3 Bb7 6. Nbd2 Be7 7. Bd3 Nh5 8. Bg3 Nc6 9. Qe2 h6 10. a3 Nxg3 11. hxg3 d5 12. Bb5 Bf6 13. Nf1 a6 14. Bxc6+ Bxc6 15. N1h2 g6 16. Ng4 Bg7 17. Nge5 Qc7 18. Qc2 Bb7 19. g4 O-O-O 20. Kd2 g5 21. Nd3 Kb8 22. a4 f5 23. Nde5 fxg4 24. Nxg4 h5 25. Nge5 g4 26. Ng5 Rde8 27. Nef7 Rhg8 28. Rxh5 Bf6 29. Qh7 Rg7 30. Qh6 Rxf7 31. Nxf7 Qxf7 32. Qf4+ Ka7 33. Rg5 Qe7 34. Rxg4 e5 35. dxe5 Bxe5 36. Qg5 Bf6 37. Qg6 d4 38. Re1 dxc3+ 39. bxc3 Rd8+ 40. Ke2 Qd7 41. Kf1 Bxc3 42. Rb1 Ba5 43. Rh4 Qd5 44. Rg4 c4 45. Qc2 c3 46. f3 Qc5 47. Rg7 Rd2 48. Qe4 Qd5 49. Qxd5 Rxd5 50. Rc7 b5 0-1

[Event "Manhem Chess Week-Elo 2019"]
[Site "Moelnlycke"]
[Date "2019.08.12"]
[Round "3.2"]
[White "Bergenwall, Henric"]
[Black "Fransson, Lennart"]
[Result "0-1"]
[ECO "B05"]
[WhiteElo "1933"]
[BlackElo "2014"]
[Annotator "NA RC"]
[PlyCount "100"]
[EventDate "2019.08.10"]
[EventType "tourn"]
[EventCountry "SWE"]
[SourceTitle "playchess.com"]
[Source "ChessBase"]
[SourceQuality "1"]
[TimeControl "40/5400+30:1800+30"]

1. e4 Nf6 2. e5 Nd5 3. d4 d6 4. Nf3 Bg4 5. Be2 e6 6. O-O Be7 7. c4 Nb6 8. b3 Nc6 {[%emt 0:07:12] B05: Alekhine's Defence: 4 Nf3 Bg4} 9. Bb2 O-O 10. Nbd2 ({Better is} 10. exd6 $11 cxd6 11. h3 (11. Nbd2 d5 12. c5 Nd7 13. Re1 b6 14. Bb5 Qc7 15. Bxc6 Qxc6 16. b4 a5 17. a3 Bf6 18. Qc1 Rfc8 19. Re3 Qa4 {0-1 (66) Mishra,A (2166)-Mulyar,M (2374) Sturbridge 2018})) 10... Qe8 $146 ({Predecessor:} 10... dxe5 11. dxe5 Re8 12. Ne4 Qxd1 13. Rfxd1 Rad8 14. h3 Bf5 {½-½ (59) Havalda,S (1504)-Vargosko,J (1562) Liptovsky Mikulas 2019}) 11. exd6 cxd6 12. Re1 d5 13. Ne5 (13. Bc3 $14) 13... Nxe5 14. dxe5 Bxe2 15. Qxe2 dxc4 16. Nxc4 Nd5 17. Ne3 Nxe3 18. Qxe3 b6 19. Qe2 Bc5 20. Rac1 Qe7 21. Red1 Rfd8 22. Rxd8+ Rxd8 $11 23. Rd1 Rd5 24. Rxd5 exd5 25. Qg4 Qe6 26. Qxe6 fxe6 27. Kf1 Kf7 28. Ke2 Kg6 29. f4 Kf5 30. Kf3 h5 31. h3 h4 32. Bc3 b5 33. Be1 g5 34. b4 Bb6 35. g4+ hxg3 36. fxg5 g2 37. Kxg2 Kxg5 38. Kf3 Bd4 39. h4+ Kf5 40. h5 Bxe5 41. Bd2 Bf6 42. h6 e5 43. h7 e4+ 44. Kg3 d4 45. Bf4 Bg7 46. Bb8 a6 47. Ba7 Be5+ 48. Kh4 e3 49. Bb8 Bf6+ 50. Kg3 Ke4 0-1

[Event "Manhem Chess Week-Elo 2019"]
[Site "Moelnlycke"]
[Date "2019.08.12"]
[Round "3.3"]
[White "Bergre, Joachim"]
[Black "Moller, Mikael"]
[Result "0-1"]
[ECO "A37"]
[WhiteElo "1928"]
[BlackElo "1957"]
[Annotator "NA RC"]
[PlyCount "74"]
[EventDate "2019.08.10"]
[EventType "tourn"]
[EventCountry "SWE"]
[SourceTitle "playchess.com"]
[Source "ChessBase"]
[SourceQuality "1"]
[TimeControl "40/5400+30:1800+30"]

1. Nf3 c5 2. c4 Nc6 3. g3 g6 4. Bg2 Bg7 5. O-O d6 6. Nc3 Bd7 7. b3 a6 8. Bb2 b5 9. d3 Rb8 10. Qc1 Nf6 11. Ne4 Nh5 12. Bxg7 Nxg7 13. Nh4 Nd4 14. Re1 O-O 15. e3 Ndf5 16. Nf3 Bc6 17. Nc3 b4 18. Ne2 e5 19. e4 Nd4 20. Nexd4 cxd4 21. Qh6 f6 22. h4 Bd7 23. Rac1 Ne6 24. Bf1 Nc5 25. Nd2 a5 26. f4 Ra8 27. Be2 Qe7 28. Kg2 $19 a4 29. h5 g5 30. fxg5 fxg5 31. Rf1 axb3 32. Rxf8+ Rxf8 33. axb3 Ne6 34. Rf1 Rxf1 35. Bxf1 Nd8 36. c5 Nf7 37. cxd6 Qd8 0-1

[Event "Manhem Chess Week-Elo 2019"]
[Site "Moelnlycke"]
[Date "2019.08.12"]
[Round "3.4"]
[White "Rasti, Arvin"]
[Black "Berggren Torell, Harald"]
[Result "1-0"]
[ECO "B07"]
[WhiteElo "2220"]
[BlackElo "2137"]
[Annotator "NA RC"]
[PlyCount "67"]
[EventDate "2019.08.10"]
[EventType "tourn"]
[EventCountry "SWE"]
[SourceTitle "playchess.com"]
[Source "ChessBase"]
[SourceQuality "1"]
[TimeControl "40/5400+30:1800+30"]

1. d4 d6 2. Nc3 g6 3. e4 Bg7 4. Be3 Nf6 5. Be2 a6 6. h4 {[%emt 0:00:13] B07: Pirc Defence: Miscellaneous Systems} (6. f4 O-O 7. e5 Nfd7 8. h4 c5 9. e6 fxe6 10. h5 Qb6 11. hxg6 cxd4 12. Bc4 Ne5 13. Bxd4 Nd3+ 14. Bxd3 Qxd4 {1-0 (24) Saric,I (2660)-Kempinski,R (2612) Achaea 2016}) 6... h5 7. Nh3 Ng4 8. Bg5 Nc6 9. f3 Nh6 10. Be3 Bxh3 $146 ({Predecessor:} 10... e5 11. dxe5 Bxh3 12. Rxh3 dxe5 13. Nd5 {1-0 (24) Dgebuadze,A (2512)-Frick,C (2271) Neustadt an der Weinstrasse 2008}) 11. Rxh3 Qd7 12. Qd2 Na7 13. a3 c6 (13... Nb5 $14) 14. a4 e6 15. a5 Ng8 16. Na4 Nc8 17. Qb4 Bf8 18. Qb3 Qc7 19. Qc3 d5 20. e5 $16 Na7 21. b3 Ne7 22. g4 Nec8 23. Kf2 Be7 24. Rg1 hxg4 25. Rxg4 Bd8 26. Bd2 Ne7 27. h5 Nf5 28. Kg2 Rxh5 29. Rxh5 gxh5 30. Rg8+ Ke7 31. Qc5+ Kd7 32. Nb6+ Qxb6 33. axb6 Be7 34. Rxa8 1-0

[Event "Manhem Chess Week-Elo 2019"]
[Site "Moelnlycke"]
[Date "2019.08.12"]
[Round "3.5"]
[White "Bohlin, Jan"]
[Black "Degerfeldt, Sven"]
[Result "1/2-1/2"]
[ECO "A37"]
[WhiteElo "1724"]
[BlackElo "1918"]
[Annotator "NA RC"]
[PlyCount "95"]
[EventDate "2019.08.10"]
[EventType "tourn"]
[EventCountry "SWE"]
[SourceTitle "playchess.com"]
[Source "ChessBase"]
[SourceQuality "1"]
[TimeControl "40/5400+30:1800+30"]

1. c4 c5 2. g3 g6 3. Bg2 Bg7 4. Nc3 Nc6 5. Nf3 d6 6. O-O e5 7. a3 Nge7 8. Ne1 O-O 9. Nc2 Be6 10. Ne3 Qd7 11. Ned5 Bh3 12. d3 Bxg2 {[%emt 0:00:19] A37: Symmetrical English vs ...g6: 4 Bg2 Bg7 5 Nf3} 13. Kxg2 f5 14. e3 {[%emt 0:12:57] [#]} (14. Rb1 h6 15. b4 g5 16. b5 Nxd5 17. Nxd5 Nd4 18. e3 Ne6 19. Qh5 Kh7 20. h3 {½-½ (93) Yeoh,L (2522)-Le,Q (2715) Dubai 2019}) 14... Nxd5 $146 ({Predecessor:} 14... Rf7 15. Rb1 Nxd5 16. Nxd5 e4 17. f4 exf3+ 18. Qxf3 Ne5 19. Qe2 Re8 20. b4 {½-½ (31) Krishna Teja,N (2340)-Liang,A (2589) Sitges 2018}) 15. cxd5 Ne7 16. f4 exf4 17. gxf4 Bxc3 18. bxc3 Nxd5 19. Qb3 Qf7 20. c4 Nf6 21. Bb2 b5 22. Qc3 Rae8 23. Rae1 h5 24. h3 (24. cxb5 $17 {might work better.} Qb7+ 25. Kg1) 24... bxc4 25. dxc4 Kh7 26. Kh2 Ne4 27. Qd3 Qe7 $19 28. Rg1 Qh4 29. Qe2 Rg8 30. Rg2 g5 31. fxg5 Nxg5 32. Rg3 Ne4 33. Rxg8 Rxg8 34. Qf3 Qg3+ 35. Qxg3 Rxg3 36. Bf6 Rf3 37. Bh4 f4 38. exf4 Rxf4 39. Bg3 Nxg3 40. Re7+ Kg8 41. Kxg3 Rxc4 42. Rxa7 h4+ 43. Kf3 d5 44. a4 d4 45. Rc7 Rc3+ 46. Ke2 c4 47. a5 Ra3 48. a6 1/2-1/2

[Event "Manhem Chess Week-Elo 2019"]
[Site "Moelnlycke"]
[Date "2019.08.12"]
[Round "3.6"]
[White "Hattab, Hashim"]
[Black "Jacobsson, Lennart"]
[Result "1-0"]
[ECO "A57"]
[WhiteElo "1868"]
[BlackElo "1754"]
[Annotator "NA RC"]
[PlyCount "75"]
[EventDate "2019.08.10"]
[EventType "tourn"]
[EventCountry "SWE"]
[SourceTitle "playchess.com"]
[Source "ChessBase"]
[SourceQuality "1"]
[TimeControl "40/5400+30:1800+30"]

1. d4 Nf6 2. c4 c5 3. d5 b5 4. cxb5 a6 5. Nc3 g6 6. e4 d6 7. Nf3 Bg7 8. a4 axb5 9. Bxb5+ Nfd7 10. O-O O-O 11. Bf4 Na6 12. Qe2 Nc7 13. e5 $14 Nb6 14. Rfd1 Ba6 15. Bxa6 Nxa6 16. h4 Nb4 17. b3 Qd7 18. a5 Nc8 19. Qe4 f6 20. e6 Qd8 21. h5 g5 22. Bxg5 Qe8 23. h6 Bh8 24. Bd2 f5 25. Qc4 Qg6 26. Ra4 Bf6 27. Ne2 Kh8 28. g3 Qh5 29. Kg2 Na7 30. Rh1 Qe8 31. Bc3 Nb5 32. Bxf6+ Rxf6 33. Ng5 Nc7 34. Rxb4 cxb4 35. Qxc7 Rc8 36. Nf7+ Kg8 37. Nxd6 Qc6 38. Qxc6 1-0